 Dungeon Crawl Stone Soup version 0.28-a0-691-gad6df49e81 (webtiles) character file.

Game seed: 13930007390353839946

85277 flyleaff the Fighter (level 15, -1/110 HPs)
             Began as a Merfolk Venom Mage on Oct 20, 2021.
             Was the Champion of Hepliaklqana.
             Killed from afar by a will-o-the-wisp (23 damage)
             ... with a foxfire
             ... on level 2 of the Swamp on Oct 22, 2021.
             The game lasted 02:10:35 (24168 turns).

flyleaff the Fighter (Merfolk Venom Mage)          Turns: 24168, Time: 02:10:36

Health: -1/110     AC:  7    Str: 18    XL:     15   Next: 83%
Magic:  15/29      EV: 21    Int: 30    God:    Hepliaklqana [******]
Gold:   398        SH:  0    Dex: 16    Spells: 1/34 levels left

rFire   . . .      SeeInvis +   o - +6 trident (vorpal)
rCold   + . .      Faith    .   (no shield)
rNeg    . . .      Spirit   .   M - +2 robe of Vines {NoPotionHeal Regen+++}
rPois   +          Reflect  .   s - +1 hat
rElec   +          Harm     .   k - +0 cloak of Rogh {rElec rC+ Will+ Str+8}
rCorr   +          Rampage  .   (no gloves)
Will    ++...                   (boots currently unavailable)
Stlth   +++.......              p - amulet of regeneration
HPRegen 4.28/turn               d - ring of Faal {rPois rCorr Int+2 SInv}
MPRegen 0.21/turn               S - +6 ring of intelligence

@: studying Throwing, very quick
A: reduced essence, nimble swimmer 2, mertail, agile 1, clever 1
a: Renounce Religion, Recall Ancestor, Ancestor Identity, Transference, Idealise


You were on level 2 of the Swamp.
You worshipped Hepliaklqana.
Hepliaklqana was exalted by your worship.
You visited 5 branches of the dungeon, and saw 24 of its levels.
You also visited: Bailey.

You collected 3543 gold pieces.
You spent 3145 gold pieces at shops.

Inventory:

Hand Weapons
 o - a +6 vorpal trident (weapon)
 r - a +0 spectral glaive
Missiles
 e - 114 poisoned darts (quivered)
Armour
 k - the +0 cloak of Rogh (worn) {rElec rC+ Will+ Str+8}
   (You acquired it on level 2 of the Orcish Mines)

   Str:       It affects your strength (+8).
   rC:        It protects you from cold.
   rElec:     It insulates you from electricity.
   Will:      It increases your willpower.
 n - a +1 buckler of resistance
 s - a +1 hat (worn)
 M - the +2 robe of Vines (worn) {NoPotionHeal Regen+++}
   (You found it on level 4 of the Lair of Beasts)

   Its wearer cannot be healed by potions.
   Regen:     It increases your rate of health regeneration.
 Q - a +2 pair of boots (melded)
Jewellery
 d - the ring of Faal (left hand) {rPois rCorr Int+2 SInv}
   (You bought it in a shop on level 2 of the Orcish Mines)

   [ring of see invisible]

   Int:       It affects your intelligence (+2).
   rPois:     It protects you from poison.
   SInv:      It lets you see invisible.
   rCorr:     It protects you from acid and corrosion.
 j - a ring of wizardry
 p - an amulet of regeneration (around neck)
 q - a ring of ice
 u - a ring of flight
 K - a ring of see invisible
 S - a +6 ring of intelligence (right hand)
Wands
 b - a wand of iceblast (14)
 c - a wand of flame (27)
 X - a wand of digging (10)
 Y - a wand of paralysis (7)
Scrolls
 m - a scroll of enchant armour
 t - a scroll of summoning
 v - a scroll of torment {unknown}
 y - 2 scrolls of magic mapping
 B - 8 scrolls of teleportation
 E - 4 scrolls of immolation
 H - a scroll of silence
 J - 12 scrolls of identify
 N - a scroll of fear
 T - a scroll of blinking
Potions
 a - 3 potions of berserk rage
 f - 12 potions of curing
 i - a potion of cancellation
 w - 2 potions of magic
 A - 2 potions of brilliance
 P - 2 potions of might
Miscellaneous
 g - a piece from Xom's chessboard (15/15)
 h - a tin of tremorstones (2/2)
 l - a lightning rod (4/4)
 x - a box of beasts
 D - a phantom mirror


   Skills:
 - Level 13.0 Fighting
 - Level 12.3 Polearms
 * Level 9.3 Armour
 - Level 10.0 Dodging
 - Level 2.1 Stealth
 + Level 2.1 Shields
 - Level 10.0 Spellcasting
 - Level 4.0 Conjurations
 - Level 3.6 Hexes
 - Level 7.5 Summonings
 - Level 5.1 Necromancy
 - Level 3.0 Translocations
 - Level 3.2 Transmutations
 - Level 4.2 Ice Magic
 - Level 4.3 Air Magic
 - Level 3.4 Earth Magic
 - Level 4.1 Poison Magic
 - Level 7.0 Invocations


You had one spell level left.
You knew the following spells:

 Your Spells              Type           Power      Damage    Failure   Level
a - Sting                 Tmut/Pois      100%       1d8       1%          1
b - Mephitic Cloud        Conj/Pois/Air  40%        N/A       1%          3
c - Magic Dart            Conj           100%       1d8       1%          1
d - Hailstorm             Conj/Ice       40%        3d10      6%          4
e - Slow                  Hex            36%        N/A       1%          2
f - Teleport Other        Tloc           33%        N/A       3%          3
g - Animate Dead          Necr           22%        N/A       4%          4
h - Borgnjor's Vile Clut  Necr/Erth      20%        N/A       17%         5
i - Summon Hydra          Summ           28%        N/A       80%         7
j - Frozen Ramparts       Ice            80%        1d10      1%          3

Your spell library contained the following spells:

 Spells                   Type           Power      Damage    Failure   Level
 Animate Skeleton         Necr           90%        N/A       1%          1
 Apportation              Tloc           66%        N/A       1%          1
 Pain                     Necr           100%       1d9       1%          1
 Corpse Rot               Necr/Air       86%        N/A       1%          2
 Passwall                 Tmut/Erth      29%        N/A       1%          2
 Poisonous Vapours        Pois/Air       80%        N/A       1%          2
 Searing Ray              Conj           78%        2d7       1%          2
 Sublimation of Blood     Necr           22%        N/A       1%          2
 Wereblood                Tmut           34%        N/A       1%          2
 Swiftness                Air            40%        N/A       1%          3
 Vampiric Draining        Necr           22%        2d9       1%          3
 Confusing Touch          Hex            36%        N/A       2%          3
 Gell's Gravitas          Tloc           16%        N/A       3%          3
 Lesser Beckoning         Tloc           33%        N/A       3%          3
 Summon Ice Beast         Ice/Summ       50%        N/A       3%          4
 Dispel Undead            Necr           45%        3d17      4%          4
 Olgreb's Toxic Radiance  Pois           39%        N/A       6%          4
 Fulminant Prism          Conj/Hex       19%        3d11      7%          4
 Ice Form                 Ice/Tmut       37%        N/A       8%          4
 Summon Mana Viper        Hex/Summ       48%        N/A       10%         5
 Alistair's Intoxication  Tmut/Pois      24%        N/A       22%         5
 Death Channel            Necr           22%        N/A       54%         6
 Simulacrum               Ice/Necr       21%        N/A       61%         6
 Invisibility             Hex            18%        N/A       77%         6
 Monstrous Menagerie      Summ           28%        N/A       80%         7


Dungeon Overview and Level Annotations

Branches:
Dungeon (13/15)            Temple (1/1) D:4            Lair (6/6) D:9
  Swamp (2/4) Lair:2        Snake (0/4) Lair:2        Slime (0/5) Lair:6
    Orc (2/2) D:11            Elf (0/3) Orc:2        Bailey (visited)
 Vaults: D:13-14

Altars:
Ashenzari
Cheibriados
Dithmenos
Elyvilon
Fedhas
Gozag
Hepliaklqana
Kikubaaqudgha
Makhleb
Nemelex Xobeh
Okawaru
Qazlal
Ru
Sif Muna
Trog
Uskayaw
Vehumet
Wu Jian
Xom
Yredelemnul
Zin
The Shining One
Beogh
Jiyva

Shops:
D:7 *[(*   Orc:2 :=[?

Portals:
Trove: D:11 (give 14 scrolls of teleportation)


Innate Abilities, Weirdness & Mutations

Your life essence is reduced to manifest your ancestor. (-10% HP)
You are quick and stealthy near water. (Stealth+, EV+, Speed+++)
Your lower body shifts to a powerful aquatic tail in water.
You are agile. (Dex +2)
Your mind is acute. (Int +2)


Message History

The bunyip misses MEAT.
The bunyip claws MEAT but does no damage.
MEAT blocks the bunyip's attack.
The foxfire hits you!!
An eight-headed hydra comes into view.
Your +2 pair of boots unmelds from your body.
The foxfire hits MEAT!
MEAT resists.
The goliath frog is engulfed in noxious fumes.
You see here a scroll labelled ACKIH FEYLY.
v - a scroll labelled ACKIH FEYLY MEAT hits the bunyip with a +0 broad axe of flaming!
MEAT burns the bunyip.
The goliath frog is engulfed in noxious fumes.
The goliath frog hits you from afar!
You are splashed with acid.
You resist.
The will-o-the-wisp gestures.
The will-o-the-wisp conjures some foxfire!
The goliath frog is engulfed in noxious fumes.
The goliath frog appears confused. 2 foxfires come into view.
You see here a box of beasts.
x - a box of beasts The foxfire hits MEAT.
MEAT resists.
The foxfire hits MEAT!
MEAT resists.
The bunyip misses you. The bunyip claws you!! The bunyip claws you!
MEAT closely misses the will-o-the-wisp.
MEAT hits the eight-headed hydra with a +0 broad axe of flaming!
MEAT burns the eight-headed hydra.
The eight-headed hydra bites MEAT.
The eight-headed hydra bites MEAT!
MEAT is destroyed!
The will-o-the-wisp gestures.
The will-o-the-wisp conjures some foxfire! 2 foxfires come into view.
Your legs become a tail as you enter the water.
Your +2 pair of boots melds into your body.
The foxfire hits you!!
* * * LOW HITPOINT WARNING * * *
The foxfire hits you!!
You die...

≈.♣.≈≈≈≈≈≈≈≈≈≈..≈≈≈
≈.?.≈≈≈≈≈≈≈≈.≈≈≈≈≈§
≈≈≈$≈≈≈≈≈≈≈≈..≈≈≈≈≈
...>...≈≈≈§≈≈≈≈≈≈≈≈
♣$≈≈...≈≈≈≈≈≈≈≈≈≈≈
♣§≈≈≈....≈≈≈≈≈≈§≈≈
♣≈≈≈≈≈...F≈≈≈≈≈≈≈≈
♣.≈≈≈≈@...°..≈.≈≈≈
♣♣♣♣.≈vx≈°†....≈.?
♣♣♣§v≈≈≈.≈♣.≈..≈
♣♣♣..§D≈≈.♣♣♣ ≈≈.♣
≈......§§≈♣ ≈..♣
.≈≈§..≈≈≈t♣♣ (...♣
≈≈≈≈≈≈≈≈≈≈.♣ ≈≈..♣
≈≈≈≈≈≈≈≈≈≈.♣ ♣≈≈≈.♣
≈≈≈≈≈≈≈≈≈≈.♣♣≈≈≈≈≈♣♣♣


You could see a bunyip, an alligator (wandering, swift), an eight-headed hydra,
a goliath frog (confused) and a will-o-the-wisp.

Vanquished Creatures
  Rupert (Lair:6)
  A bunyip (Swamp:2)
  A minotaur (Lair:6)
  A boulder beetle (Lair:5)
  8 hydras
  An ogre mage (Orc:2)
  An alligator (Swamp:1)
  3 two-headed ogres
  A catoblepas (Lair:6)
  2 death yaks (Lair:6)
  A deep troll shaman (Lair:6)
  Sonja (Lair:1)
  A goliath frog (Swamp:2)
  3 bog bodies (Lair:2)
  An orc knight (Bailey)
  A deep elf pyromancer (D:13)
  5 orc sorcerers (Orc:2)
  An oklob plant (Lair:4)
  2 cane toads
  3 cyclopes
  A black mamba (Lair:5)
  11 elephants
  2 kobold demonologists (D:11)
  3 rime drakes
  5 komodo dragons
  3 trolls
  2 polar bears (Lair:6)
  2 meliai (D:11)
  A hornet (Swamp:1)
  15 blink frogs
  3 tyrant leeches (Swamp:1)
  A slime creature (D:12)
  4 dream sheep (Lair:5)
  A shadow (D:11)
  A spriggan (Swamp:1)
  3 wyverns
  31 yaks
  Eustachio (D:6)
  2 basilisks (Lair:6)
  5 vampire mosquitoes
  4 steam dragons
  3 nagas (Lair:2)
  5 swamp worms
  16 water moccasins
  A swamp drake (Swamp:1)
  9 ogres
  8 orc warriors
  A sky beast (D:4)
  A black bear (D:7)
  7 centaurs
  40 wolves
  2 kobold brigands
  Blork the orc (D:5)
  4 bullfrogs
  A water moccasin zombie (D:7)
  4 killer bees (D:8)
  A howler monkey (D:9)
  An electric eel (Lair:2)
  A knight (Lair:2)
  A hound (D:4)
  A jelly (D:6)
  5 orc priests
  2 bullfrog skeletons
  2 iguanas (D:4)
  18 orc wizards
  A hound skeleton (D:2)
  2 howler monkey zombies
  A gnoll (Bailey)
  4 adders
  A white imp (D:6)
  An ufetubus (D:5)
  5 worms
  An adder skeleton (D:4)
  31 orcs
  4 ball pythons
  7 endoplasms
  3 giant cockroaches
  4 goblins
  5 hobgoblins
  5 jackals
  30 kobolds
  4 quokkas
  6 bats
  2 frilled lizards
  2 rats
394 creatures vanquished.

Vanquished Creatures (collateral kills)
  The ghost of quinnr the Stormcaller, a journeyman TeAE of Vehumet (Lair:6)
  A hydra (Lair:1)
  2 boulder beetles
  Erolcha (Orc:2)
  A catoblepas (Lair:6)
  2 ogre magi (Orc:2)
  A centaur warrior (D:13)
  4 two-headed ogres (Orc:2)
  2 death yaks (Lair:6)
  Urug (D:11)
  3 cane toads (Lair:6)
  2 swamp dragons (Swamp:1)
  3 bog bodies
  An orc knight (Orc:1)
  A deep elf pyromancer (D:13)
  An ugly thing (D:11)
  An oklob plant (Lair:4)
  3 orc sorcerers (Orc:2)
  2 manticores
  2 cyclopes
  A faun (Lair:1)
  6 elephants
  2 black mambas (Lair:6)
  An unseen horror (D:10)
  A rime drake (Lair:1)
  4 komodo dragons
  A troll (D:11)
  A tyrant leech (Swamp:1)
  4 polar bears
  A meliai (D:11)
  A hornet (shapeshifter) (D:13)
  A hornet (Swamp:1)
  3 slime creatures (D:12)
  2 blink frogs (Lair:1)
  2 dream sheep (Lair:5)
  A spriggan (Swamp:1)
  5 wyverns
  24 yaks
  Grum (D:9)
  A vampire (D:11)
  A steam dragon (D:9)
  2 vampire mosquitoes
  A swamp worm (Swamp:1)
  2 acid dragons
  A naga (Lair:2)
  5 water moccasins
  2 black bears
  6 orc warriors
  A sky beast (D:6)
  A swamp drake (Swamp:1)
  2 ice beasts
  14 wolves
  6 ogres
  4 centaurs
  A phantom (D:5)
  2 kobold brigands
  4 bullfrogs
  A scorpion (D:5)
  A killer bee (D:8)
  A howler monkey (D:9)
  2 centaur zombies
  2 bullfrog skeletons
  2 jellies
  7 orc priests
  2 hounds (D:5)
  18 orc wizards
  A howler monkey skeleton (D:6)
  4 adders
  A white imp (D:6)
  2 worms (D:5)
  26 orcs
  A giant cockroach (D:3)
  2 goblins (D:4)
  A hobgoblin (D:6)
  2 jackals (D:5)
  A bat (D:3)
  2 frilled lizards (D:1)
  6 kobolds
  2 rats (D:3)
240 creatures vanquished.

Vanquished Creatures (others)
  2 bloated husks
  A bullfrog (Lair:5)
  12 knights
  3 ancestors
  5 foxfires (Swamp:2)
  20 fungi
  49 plants
92 creatures vanquished.

Grand Total: 726 creatures vanquished

Notes
Turn   | Place    | Note
-------+----------+-------------------------------------------
     0 | D:1      | flyleaff the Merfolk Venom Mage began the quest for the
                  | Orb.
     0 | D:1      | Reached XP level 1. HP: 13/13 MP: 3/3
   189 | D:1      | Found a faded altar of an unknown god.
   193 | D:1      | Noticed a shining eye
   197 | D:1      | Noticed an eye of devastation
   201 | D:1      | Noticed a great orb of eyes
   201 | D:1      | Noticed a great orb of eyes
   295 | D:1      | Prayed at the altar of an unknown god.
   295 | D:1      | Became a worshipper of Hepliaklqana the Forgotten
   295 | D:1      | Reached * piety under Hepliaklqana
   340 | D:1      | Reached XP level 2. HP: 11/17 MP: 3/5
  1338 | D:2      | Reached XP level 3. HP: 5/21 MP: 1/6
  1874 | D:2      | Learned a level 3 spell: Mephitic Cloud
  2204 | D:2      | Reached XP level 4. HP: 27/27 MP: 8/8
  2206 | D:2      | Found a shimmering altar of Xom.
  2352 | D:2      | You fall into a shaft and drop 1 floor!
  2359 | D:3      | Reached ** piety under Hepliaklqana
  2815 | D:2      | Remembered your ancestor MEAT as a knight
  2937 | D:3      | Reached XP level 5. HP: 14/31 MP: 9/9
  3370 | D:3      | Reached skill level 1 in Air Magic
  3517 | D:3      | Reached skill level 1 in Conjurations
  3703 | D:4      | Found a staircase to the Ecumenical Temple.
  3712 | Temple   | Entered the Ecumenical Temple
  3920 | D:4      | Reached XP level 6. HP: 27/36 MP: 11/11
  4260 | D:4      | Reached skill level 1 in Fighting
  4350 | D:4      | Noticed a sky beast
  4360 | D:4      | Killed a sky beast
  4418 | D:4      | Reached XP level 7. HP: 44/44 MP: 11/13
  4482 | D:4      | Reached skill level 2 in Fighting
  4888 | D:5      | Entered Level 5 of the Dungeon
  5154 | D:5      | Reached skill level 3 in Fighting
  5154 | D:5      | Reached skill level 5 in Dodging
  5218 | D:5      | Reached skill level 1 in Polearms
  5218 | D:5      | Noticed Blork the orc
  5234 | D:5      | Reached XP level 8. HP: 45/52 MP: 8/14
  5297 | D:5      | Reached skill level 5 in Polearms
  5441 | D:5      | Found an opulent altar of Gozag.
  5575 | D:5      | Killed Blork the orc
  5862 | D:6      | Reached skill level 10 in Polearms
  5874 | D:6      | Reached XP level 9. HP: 36/56 MP: 9/15
  5881 | D:6      | Noticed Eustachio
  5913 | D:6      | Killed Eustachio
  6046 | D:6      | Learned a level 1 spell: Magic Dart
  6282 | D:6      | Found a bloodstained altar of Trog.
  6358 | D:6      | Reached *** piety under Hepliaklqana
  6495 | D:7      | Found Kare's Assorted Antiques.
  6503 | D:7      | Found Kololaghuy's Magic Scroll Boutique.
  6523 | D:7      | Found Qorouwu's Armour Boutique.
  6563 | D:7      | Found Saicwyv's Weapon Shop.
  6576 | D:7      | Found Zuculitu's Assorted Antiques.
  6587 | D:7      | Reached skill level 1 in Armour
  6587 | D:7      | Found a flagged portal.
  6675 | Bailey   | Entered a bailey
  6770 | Bailey   | Noticed an orc knight
  6796 | Bailey   | Killed an orc knight
  6898 | Bailey   | Found a burning altar of Makhleb.
  7669 | D:7      | Reached skill level 5 in Armour
  7669 | D:7      | Reached XP level 10. HP: 37/63 MP: 16/16
  7776 | D:8      | Noticed a two-headed ogre
  7787 | D:8      | Killed a two-headed ogre
  7973 | D:8      | Gained mutation: Your mind is acute. (Int +2) [potion of
                  | mutation]
  7973 | D:8      | Gained mutation: You are agile. (Dex +2) [potion of
                  | mutation]
  8121 | D:8      | Found a shimmering blue altar of Sif Muna.
  8143 | D:8      | Reached skill level 5 in Spellcasting
  8559 | D:9      | Noticed Grum
  8601 | D:9      | Killed Grum
  8823 | D:9      | Found a staircase to the Lair.
  8960 | D:9      | Reached XP level 11. HP: 67/67 MP: 22/22
  9075 | D:9      | Found a shimmering altar of Xom.
  9496 | D:9      | Found a basalt altar of Yredelemnul.
  9496 | D:9      | Found a stormy altar of Qazlal.
  9650 | D:10     | Entered Level 10 of the Dungeon
  9682 | D:10     | Reached **** piety under Hepliaklqana
  9751 | D:10     | Learned a level 4 spell: Ice Form
  9754 | D:10     | Learned a level 2 spell: Slow
  9758 | D:10     | Learned a level 3 spell: Teleport Other
  9874 | D:10     | Reached skill level 1 in Hexes
  9874 | D:10     | Reached skill level 1 in Ice Magic
  9940 | D:10     | Reached skill level 1 in Translocations
 10213 | D:11     | Noticed Urug
 10213 | D:11     | Noticed a cyclops
 10261 | Lair:1   | Entered Level 1 of the Lair of Beasts
 10272 | Lair:1   | Noticed a faun
 10294 | Lair:1   | Killed a faun
 10341 | Lair:1   | Reached skill level 4 in Fighting
 10347 | Lair:1   | Reached XP level 12. HP: 54/74 MP: 22/25
 10393 | Lair:1   | Learned a level 4 spell: Animate Dead
 10399 | Lair:1   | Learned a level 5 spell: Borgnjor's Vile Clutch
 10406 | Lair:1   | Learned a level 6 spell: Death Channel
 10546 | Lair:1   | Noticed an eight-headed hydra
 10561 | Lair:1   | Killed an eight-headed hydra
 10562 | Lair:1   | Reached skill level 1 in Necromancy
 10562 | Lair:1   | Reached skill level 1 in Earth Magic
 10640 | Lair:1   | Noticed Sonja
 10650 | Lair:1   | Killed Sonja
 10919 | Lair:1   | Reached skill level 5 in Fighting
 11587 | Lair:2   | Reached skill level 6 in Fighting
 11700 | Lair:2   | Identified a scroll of acquirement
 11700 | Lair:2   | Acquired 715 gold pieces
 11708 | Lair:2   | Reached ***** piety under Hepliaklqana
 11761 | Lair:2   | Reached skill level 1 in Invocations
 11878 | Lair:2   | Found a staircase to the Swamp.
 11898 | Lair:2   | Reached XP level 13. HP: 32/85 MP: 26/26
 12302 | Lair:2   | Found a staircase to the Snake Pit.
 12338 | Lair:2   | Reached skill level 7 in Fighting
 12935 | D:11     | Killed Urug
 13090 | D:11     | Reached skill level 5 in Invocations
 13461 | D:11     | Found a portal to a secret trove of treasure.
 13585 | D:7      | Bought a scroll of teleportation for 36 gold pieces
 13585 | D:7      | Bought a scroll of teleportation for 36 gold pieces
 13585 | D:7      | Bought a scroll of identify for 24 gold pieces
 13585 | D:7      | Bought a scroll of teleportation for 36 gold pieces
 13585 | D:7      | Bought a scroll of identify for 24 gold pieces
 13585 | D:7      | Bought a scroll of identify for 24 gold pieces
 13585 | D:7      | Bought a scroll of enchant armour for 90 gold pieces
 13585 | D:7      | Bought a scroll of amnesia for 42 gold pieces
 13585 | D:7      | Bought a scroll of teleportation for 36 gold pieces
 13585 | D:7      | Bought a scroll of fear for 42 gold pieces
 13585 | D:7      | Bought a scroll of identify for 24 gold pieces
 13627 | D:7      | Bought a potion of curing for 60 gold pieces
 13627 | D:7      | Bought a scroll of teleportation for 60 gold pieces
 13666 | D:7      | Bought a potion of mutation for 240 gold pieces
 13666 | D:7      | Bought a potion of curing for 90 gold pieces
 13666 | D:7      | Bought a scroll of immolation for 105 gold pieces
 13666 | D:7      | Bought a scroll of teleportation for 90 gold pieces
 13666 | D:7      | Bought a potion of might for 120 gold pieces
 13666 | D:7      | Bought 2 potions of curing for 180 gold pieces
 13883 | D:11     | Found a staircase to the Orcish Mines.
 14544 | D:12     | Reached skill level 8 in Fighting
 15915 | D:13     | Reached skill level 10 in Dodging
 15966 | D:13     | Identified the +0 leather armour "Avvoih" {rF+++ Will-
                  | Regen+ MP+9}
 16097 | D:7      | Bought a +2 cloak for 214 gold pieces
 16467 | Lair:3   | Reached skill level 9 in Fighting
 16482 | Lair:3   | Reached skill level 10 in Spellcasting
 17425 | Lair:4   | Found the +2 robe of Vines {NoPotionHeal Regen+++}
 17472 | Lair:4   | Reached skill level 10 in Fighting
 17587 | Lair:4   | Learned a level 3 spell: Frozen Ramparts
 17658 | Lair:4   | Reached XP level 14. HP: 82/99 MP: 24/28
 17884 | Lair:4   | Learned a level 7 spell: Summon Hydra
 17953 | Lair:4   | Reached ****** piety under Hepliaklqana
 18177 | Lair:4   | Reached skill level 5 in Necromancy
 18408 | Lair:5   | Reached skill level 1 in Summonings
 18474 | Lair:5   | You fall into a shaft and drop 1 floor!
 18474 | Lair:6   | Entered Level 6 of the Lair of Beasts
 18570 | Lair:6   | Found a staircase to the Slime Pits.
 18571 | Lair:6   | Found a viscous altar of Jiyva.
 18765 | Lair:5   | Reached skill level 11 in Fighting
 18775 | Lair:5   | Reached skill level 5 in Summonings
 19611 | Lair:6   | Noticed quinnr's ghost (journeyman TeAE)
 19761 | Lair:6   | Noticed Rupert
 19780 | Lair:6   | Killed Rupert
 20064 | Lair:6   | Found a runed translucent gate.
 20066 | Lair:6   | Found a runed translucent gate.
 20069 | Lair:6   | Found a runed translucent gate.
 20435 | Lair:6   | Reached skill level 12 in Fighting
 20472 | Lair:6   | Reached XP level 15. HP: 108/108 MP: 26/29
 20840 | Lair:6   | Killed quinnr's ghost
 21207 | Orc:1    | Entered Level 1 of the Orcish Mines
 21565 | Orc:2    | Entered Level 2 of the Orcish Mines
 22184 | Orc:2    | Found a staircase to the Elven Halls.
 22824 | Orc:2    | Found Yroas's Magic Scroll Shoppe.
 22853 | Orc:2    | Bought a scroll of magic mapping for 42 gold pieces
 22853 | Orc:2    | Bought a scroll of teleportation for 36 gold pieces
 22866 | Orc:2    | Found an ancient bone altar of Kikubaaqudgha.
 22910 | Orc:2    | Found Kueluent's Jewellery Emporium.
 22920 | Orc:2    | Noticed Erolcha
 22926 | Orc:2    | Killed Erolcha
 22988 | Orc:2    | Found a radiant altar of Vehumet.
 22997 | Orc:2    | Bought the ring of Faal {rPois rCorr Int+2 SInv} for 540
                  | gold pieces
 23029 | Orc:2    | Found Xomutell's Antique Armour Emporium.
 23129 | Orc:2    | Found Uphife's Book Shoppe.
 23221 | Orc:2    | Bought a scroll of brand weapon for 240 gold pieces
 23221 | Orc:2    | Bought a scroll of acquirement for 624 gold pieces
 23221 | Orc:2    | Bought a scroll of enchant armour for 90 gold pieces
 23222 | Orc:2    | Acquired the +0 cloak of Rogh {rElec rC+ Will+ Str+8}
 23473 | Swamp:1  | Entered Level 1 of the Swamp
 23571 | Swamp:1  | Reached skill level 13 in Fighting
 23754 | Swamp:1  | Reached skill level 1 in Shields
 23929 | Swamp:1  | Learned a level 4 spell: Hailstorm
 24168 | Swamp:2  | Killed from afar by a will-o-the-wisp

Illustrated notes

Levels and vault maps discovered:
D:1:      minmay_arrival_shoal_huts, layout_basic,
          hellmonk_ecumenical_altar_watching_god
D:2:      layout_basic, basic_altar, minmay_domino_2
D:3:      layout_basic, nrook_mini_backslash
D:4:      cheibrodos_old_hovel, layout_basic, minmay_temple_entry_mist,
          kennysheep_generic_room_13
D:5:      layout_rooms, nicolae_gozag_cash_rules_everything_around_me,
          uniq_blork_the_orc
D:6:      layout_rooms, trog_hazing_becter, nicolae_sextant, uniq_eustachio
D:7:      layout_loops_ring, enter_bailey_2, serial_shops,
          nicolae_shop_overgrown_old_shop, nicolae_shop_window_shopping, shop,
          shop, shop, nrook_mini_vaults, hangedman_abyss_or_decor_stagger
D:8:      layout_rooms, mainiacjoe_overflow_tiny_flanked
D:9:      layout_cave_pods, gammafunk_temple_overflow_elements,
          mainiacjoe_overflow_alcove_1, dpeg_oklobed_lair, kennysheep_nub,
          minivault_25, uniq_grum
D:10:     layout_roguey
D:11:     layout_cross, nicolae_trove_entry_diagonal, grunt_decor_resistance,
          uniq_urug
D:12:     layout_gridville
D:13:     layout_irregular_city, serial_bayou_pond_e
Temple:   regret_index_temple_sphere_string
Lair:1:   layout_loops_ring, grunt_forest_large_clearings, uniq_sonja
Lair:2:   layout_layer_cave, nicolae_swamp_entry_splash_gauntlet,
          minmay_snake_entry_guardpost_small, chequers_serial_rivers_small_3,
          serial_bayou_pond_d
Lair:3:   layout_loops_ring, bh_autumn_forest_stairs
Lair:4:   layout_hall_layers, hellmonk_guarded_unrand_vines
Lair:5:   layout_loops_ring
Lair:6:   grunt_lair_end_beastmaster, layout_regular_city, slime_altar_1,
          maelrawn_ghost_gauntlet_escape, serial_bayou_pond_a,
          grunt_megastairs_4, uniq_rupert
Swamp:1:  layout_basic_swamp, nicolae_swamp_round_clearing,
          infiniplex_staircase_pool_2
Swamp:2:  layout_basic_swamp, hangedman_swamp_ruin_wall
Orc:1:    layout_caves
Orc:2:    kennysheep_orc_mage_school, layout_caves, mines2_david

Skill      XL: |  1  2  3  4  5  6  7  8  9 10 11 12 13 14 15 |
---------------+----------------------------------------------+-----
Dodging        | 3 4 5 7 10 | 10.0
Transmutations | 2 3 |  3.2
Spellcasting   | 3 4 7 9 10 | 10.0
Poison Magic   | 4 |  4.1
Air Magic      | 1 2 3 4 |  4.3
Conjurations   | 1 2 3 4 |  4.0
Fighting       | 1 3 4 6 10 12 13 | 13.0
Polearms       | 3 10 12 | 12.3
Armour         | 5 6 7 9 |  9.3
Hexes          | 3 |  3.6
Ice Magic      | 4 |  4.2
Translocations | 3 |  3.0
Necromancy     | 4 5 |  5.1
Earth Magic    | 2 3 |  3.4
Invocations    | 3 5 7 |  7.0
Summonings     | 7 |  7.5
Shields        | 2 |  2.1
Stealth        | |  2.1

Action                   |  1- 3 |  4- 6 |  7- 9 | 10-12 | 13-15 || total
-------------------------+-------+-------+-------+-------+-------++-------
Melee: Short sword       |    20 |       |       |       |       ||    20
       Unarmed           |     2 |       |       |       |       ||     2
       Dagger            |    10 |     3 |       |       |       ||    13
       Whip              |       |    72 |    26 |       |       ||    98
       Tailslap          |       |     1 |       |     1 |    16 ||    18
       Trident           |       |       |   159 |   337 |   921 ||  1417
 Fire: Hand crossbow     |       |       |       |    11 |       ||    11
 Cast: Sting             |    36 |    40 |    33 |    18 |    14 ||   141
       Mephitic Cloud    |       |     1 |    12 |    38 |    80 ||   131
       Animate Dead      |       |       |       |     8 |    26 ||    34
       Slow              |       |       |       |     3 |    18 ||    21
       Magic Dart        |       |       |       |     2 |    22 ||    24
       Borgnjor's Vile C |       |       |       |       |     8 ||     8
       Frozen Ramparts   |       |       |       |       |     2 ||     2
       Hailstorm         |       |       |       |       |     3 ||     3
Invok: Ancestor Identity |     2 |       |       |       |       ||     2
       Recall Ancestor   |     1 |       |     1 |       |     5 ||     7
       Ancestor Life: Kn |       |     1 |       |       |       ||     1
       Transference      |       |       |       |     1 |       ||     1
       Idealise          |       |       |       |       |     3 ||     3
Evoke: Wand              |       |       |       |     3 |    11 ||    14
       Piece from Xom's  |       |       |       |       |     1 ||     1
  Use: Scroll            |     7 |       |    15 |     8 |    11 ||    41
       Potion            |       |       |     2 |     4 |     1 ||     7
 Stab: Sleeping          |     3 |     2 |     4 |     6 |     6 ||    21
       Distracted        |     1 |       |     1 |     2 |     9 ||    13
       Confused          |       |       |     2 |    19 |    40 ||    61
Armor: Robe              |    12 |    17 |    14 |       |    95 ||   138
       Steam dragon scal |       |       |    15 |    45 |    20 ||    80
Dodge: Dodged            |    40 |    63 |    90 |   135 |   361 ||   689

Table legend: (Time is in decaauts)
 A = Elapsed time spent in this place.
 B = Non-inter-level travel time spent in this place.
 C = Inter-level travel time spent in this place.
 D = Time resting spent in this place.
 E = Time spent auto-exploring this place.
 F = Levels seen in this place.
 G = Mean time per level.
                   A        B        C        D        E       F      G
               +--------+--------+--------+--------+--------+-----+--------+
         Total |  23414 |  21184 |   2230 |    860 |  15468 |  25 |  936.6 |
       Dungeon |  13126 |  11821 |   1305 |    544 |   8821 |  13 | 1009.7 |
        Temple |    144 |    137 |      7 |      0 |    124 |   1 |  144.0 |
          Lair |   7227 |   6507 |    720 |    316 |   4579 |   6 | 1204.5 |
         Swamp |    586 |    558 |     28 |      0 |    355 |   2 |  293.0 |
  Orcish Mines |   2047 |   1878 |    169 |      0 |   1461 |   2 | 1023.5 |
        Bailey |    282 |    282 |      0 |      0 |    127 |   1 |  282.0 |
               +--------+--------+--------+--------+--------+-----+--------+

Top non-repeatable levels by time:
  Lair:6: 1502 daAuts
   Orc:2: 1477 daAuts
  Lair:1: 1365 daAuts
  Lair:2: 1354 daAuts
     D:4: 1354 daAuts
     D:1: 1275 daAuts
  Lair:4: 1228 daAuts
     D:9: 1201 daAuts
     D:2: 1198 daAuts
    D:11: 1129 daAuts
     D:3: 1125 daAuts
    D:12: 1077 daAuts
     D:7: 1062 daAuts
  Lair:5: 924 daAuts
     D:6: 889 daAuts
